[Event "98th Caplin Hastings Masters 2024-25"]
[Site "Hastings"]
[Date "2024.12.30"]
[Round "4.48"]
[White "Vaidyanathan, Adithya"]
[Black "Chapman, Luke"]
[Result "1-0"]
[ECO "A88"]
[WhiteElo "1904"]
[BlackElo "1706"]
[Annotator "NA RC"]
[PlyCount "57"]
[EventDate "2024.12.23"]
[EventType "swiss"]
[EventCountry "ENG"]
[SourceTitle "playchess.com"]
[Source "ChessBase"]
[SourceQuality "1"]
[TimeControl "5400+30"]

1. d4 f5 2. c4 Nf6 3. Nc3 g6 4. Nf3 Bg7 5. g3 O-O 6. Bg2 d6 7. O-O c6 8. b3 e5 9. dxe5 dxe5 10. Ba3 Qxd1 11. Raxd1 Re8 12. e4 f4 13. Bd6 fxg3 14. hxg3 Bg4 15. Rd3 Nfd7 16. Nh2 Be6 17. f4 Na6 18. f5 Bf7 19. Bh3 Rad8 20. Rdf3 Ndc5 21. Bxc5 Nxc5 22. fxg6 Bxg6 23. Bf5 Bxf5 24. Rxf5 Rd3 25. R1f3 Rd4 26. Ng4 Nxe4 27. Nxe4 Rxe4 28. Rg5 Rf8 29. Nh6+ 1-0

[Event "98th Caplin Hastings Masters 2024-25"]
[Site "Hastings"]
[Date "2024.12.30"]
[Round "4.49"]
[White "Keely, Leo A"]
[Black "Kim, Nayoon B"]
[Result "1-0"]
[ECO "B48"]
[WhiteElo "1899"]
[BlackElo "1663"]
[Annotator "NA RC"]
[PlyCount "107"]
[EventDate "2024.12.23"]
[EventType "swiss"]
[EventCountry "ENG"]
[SourceTitle "playchess.com"]
[Source "ChessBase"]
[SourceQuality "1"]
[TimeControl "5400+30"]

1. e4 c5 2. Nf3 e6 3. d4 cxd4 4. Nxd4 Nc6 5. Nc3 Qc7 6. Be3 Nf6 7. Qf3 Bb4 8. Ndb5 Qb8 9. a3 Bxc3+ 10. Nxc3 d6 11. O-O-O a6 12. Qg3 Rg8 13. Qxd6 Qxd6 14. Rxd6 Bd7 15. Be2 Rc8 16. Rhd1 Nb8 17. e5 Nd5 18. Nxd5 exd5 19. R6xd5 Bc6 20. R5d2 Bxg2 21. Bg4 Ke7 22. Bxc8 Rxc8 23. Rg1 Be4 24. h4 Nc6 25. b4 Nxe5 26. Bc5+ Kf6 27. Bd4 Ke6 28. Bxe5 Kxe5 29. Rxg7 Bg6 30. h5 Kf6 31. hxg6 Kxg7 32. gxh7 Kxh7 33. Rd7 b5 34. Rxf7+ Kg6 35. Rd7 Rc6 36. Rd5 Rf6 37. Kb2 Kf7 38. a4 bxa4 39. Ra5 Ke7 40. Rxa4 Kd7 41. Ra1 Kc7 42. Rf1 Rf3 43. c3 Kb6 44. Kb3 Kb5 45. Rh1 Rxf2 46. Rh5+ Kb6 47. Rh6+ Kb7 48. c4 Rf7 49. c5 Rf4 50. Rh7+ Kb8 51. Ka4 Rf6 52. Ka5 Rc6 53. Rd7 Ka8 54. Rd6 1-0

[Event "98th Caplin Hastings Masters 2024-25"]
[Site "Hastings"]
[Date "2024.12.30"]
[Round "4.50"]
[White "Bazakutsa, Svyatoslav"]
[Black "Stokes, Stephen"]
[Result "1-0"]
[ECO "A06"]
[WhiteElo "2484"]
[BlackElo "1866"]
[Annotator "RC"]
[PlyCount "89"]
[EventDate "2024.12.23"]
[EventType "swiss"]
[EventCountry "ENG"]
[SourceTitle "playchess.com"]
[Source "ChessBase"]
[SourceQuality "1"]
[TimeControl "5400+30"]

1. b3 Nf6 2. Bb2 d5 3. Nf3 c5 4. e3 Nc6 5. Bb5 Bf5 6. Bxc6+ bxc6 7. Ne5 Qc7 8. d3 e6 9. O-O Bd6 10. f4 O-O 11. Nd2 Nd7 12. e4 Bg6 13. Nxd7 Qxd7 14. h4 f5 15. h5 Be8 16. exd5 cxd5 17. h6 gxh6 18. Qf3 Bg6 19. Qg3 Be7 20. Nf3 Bf6 21. Bxf6 Rxf6 22. Ne5 Qc7 23. c3 Rd8 24. d4 Qb6 25. Qf2 cxd4 26. cxd4 Qb7 27. Rac1 Rc8 28. Rxc8+ Qxc8 29. Qd2 Rf8 30. Rc1 Qb7 31. Rc6 Re8 32. Qc3 Qb5 33. Rc7 Qe2 34. Qh3 Qd1+ 35. Kh2 Qh5 36. Rxa7 Rc8 37. Qxh5 Bxh5 38. Nd7 Bf7 39. Nc5 Rb8 40. a4 Rb4 41. a5 Rxd4 42. a6 Rxf4 43. Rb7 Rf1 44. a7 Ra1 45. Na4 1-0

[Event "98th Caplin Hastings Masters 2024-25"]
[Site "Hastings"]
[Date "2024.12.30"]
[Round "4.51"]
[White "Fryer, David W"]
[Black "Raffin-Sumyk, Piermael"]
[Result "1-0"]
[ECO "A07"]
[WhiteElo "1928"]
[BlackElo "1512"]
[Annotator "NA RC"]
[PlyCount "63"]
[EventDate "2024.12.23"]
[EventType "swiss"]
[EventCountry "ENG"]
[SourceTitle "playchess.com"]
[Source "ChessBase"]
[SourceQuality "1"]
[TimeControl "5400+30"]

1. Nf3 d5 2. g3 Nf6 3. Bg2 Bf5 4. O-O e6 5. d3 Bd6 6. Nbd2 h5 7. Re1 Bc5 8. Nb3 Bd6 9. Bg5 Nbd7 10. h3 Qb8 11. Nbd4 Bg4 12. Nb5 Bxg3 13. fxg3 Bxf3 14. exf3 c6 15. Bf4 e5 16. Nc3 Kf8 17. Bd2 e4 18. Bf4 Qd8 19. dxe4 Qb6+ 20. Be3 Qc7 21. f4 g5 22. fxg5 Rg8 23. gxf6 Qxg3 24. Bh6+ Ke8 25. exd5+ Kd8 26. Re2 Ne5 27. dxc6+ Kc7 28. Nb5+ Kb6 29. Qd4+ Ka5 30. Bd2+ Kxb5 31. Qb4+ Ka6 32. Qa5# 1-0

[Event "98th Caplin Hastings Masters 2024-25"]
[Site "Hastings"]
[Date "2024.12.30"]
[Round "4.52"]
[White "Ruane, Brendan J"]
[Black "Han, Yongsu"]
[Result "1-0"]
[ECO "C42"]
[WhiteElo "1869"]
[BlackElo "1718"]
[Annotator "NA RC"]
[PlyCount "69"]
[EventDate "2024.12.23"]
[EventType "swiss"]
[EventCountry "ENG"]
[SourceTitle "playchess.com"]
[Source "ChessBase"]
[SourceQuality "1"]
[TimeControl "5400+30"]

1. Nc3 e5 2. e4 Nf6 3. Nf3 Bb4 4. Bc4 O-O 5. O-O Bxc3 6. dxc3 Nxe4 7. Nxe5 c6 8. Qh5 d5 9. Bd3 Nd7 10. Nxd7 Bxd7 11. Be3 Re8 12. f3 Nf6 13. Qg5 h6 14. Qf4 Nh5 15. Qd4 b6 16. Rfe1 Qc7 17. Qh4 g6 18. Bxh6 Rxe1+ 19. Rxe1 Qd8 20. Bg5 Qf8 21. c4 dxc4 22. Qxc4 Re8 23. Rxe8 Qxe8 24. Bd2 Qe6 25. Qxe6 Bxe6 26. b3 Kf8 27. Kf2 Ke7 28. g4 Nf6 29. Bg5 b5 30. Ke3 Bd5 31. c4 bxc4 32. bxc4 Be6 33. Kf4 Kd6 34. Bxf6 Kc5 35. h4 1-0

[Event "98th Caplin Hastings Masters 2024-25"]
[Site "Hastings"]
[Date "2024.12.30"]
[Round "4.53"]
[White "Lee, Jungsoo"]
[Black "Bryant, Marc A"]
[Result "1-0"]
[ECO "C60"]
[WhiteElo "1705"]
[BlackElo "1825"]
[Annotator "NA RC"]
[PlyCount "61"]
[EventDate "2024.12.23"]
[EventType "swiss"]
[EventCountry "ENG"]
[SourceTitle "playchess.com"]
[Source "ChessBase"]
[SourceQuality "1"]
[TimeControl "5400+30"]

1. e4 e5 2. Nf3 Nc6 3. Bb5 Nce7 4. Nxe5 c6 5. Bc4 d5 6. exd5 Nxd5 7. O-O Ngf6 8. d4 Bd6 9. h3 Be6 10. Bd3 Qc8 11. Qf3 h6 12. Re1 g5 13. c4 Nf4 14. Bxf4 gxf4 15. Nc3 Rg8 16. Kh1 Rg5 17. Bf1 Qc7 18. Nxc6 bxc6 19. d5 Rb8 20. dxe6 fxe6 21. Rxe6+ Kf7 22. Rxf6+ Kxf6 23. Ne4+ Ke7 24. Nxg5 hxg5 25. Qg4 Kf6 26. Re1 Qc8 27. Qf3 Be5 28. Bd3 Rxb2 29. Qh5 Qe6 30. Qh8+ Kf7 31. Rxe5 1-0

[Event "98th Caplin Hastings Masters 2024-25"]
[Site "Hastings"]
[Date "2024.12.31"]
[Round "5.1"]
[White "Vestby-Ellingsen, Mads"]
[Black "Xue, Haowen"]
[Result "1/2-1/2"]
[ECO "E12"]
[WhiteElo "2383"]
[BlackElo "2502"]
[Annotator "TA"]
[PlyCount "105"]
[EventDate "2024.12.23"]
[EventType "swiss"]
[EventCountry "ENG"]
[SourceTitle "playchess.com"]
[Source "ChessBase"]
[SourceQuality "1"]
[TimeControl "5400+30"]

1. d4 Nf6 2. c4 e6 3. Nf3 b6 4. a3 Bb7 5. Nc3 Ne4 6. Nxe4 Bxe4 7. Bg5 Be7 8. Bxe7 Qxe7 9. e3 O-O {[%emt 0:03:32] E12: Queen's Indian: Unusual White 4th moves, 4 a3, 4 Nc3 Bb7 5 a3 and 4 Nc3 Bb7 .} 10. Bd3 Bb7 11. O-O d6 12. d5 $146 ({Predecessor:} 12. e4 Nd7 13. Re1 a5 14. Bc2 e5 15. d5 g6 16. b4 Bc8 17. Qd2 Kg7 18. g3 {0-1 Pultinevicius,P (2561)-Andreikin,D (2729) Titled Tuesday intern op 15th Nov Late blitz 2022 (9)}) 12... e5 13. e4 c5 14. dxc6 (14. Nd2 $14) 14... Nxc6 $11 15. b4 Nd8 16. Re1 Ne6 17. Rc1 g6 18. Qd2 f5 (18... Rac8 $11) 19. Bb1 (19. c5 $1 $14 bxc5 (19... dxc5 $2 20. exf5 gxf5 21. Rxe5 $18) 20. Bc4 fxe4 (20... Bxe4 $2 {is the wrong capture.} 21. Ng5 $18) 21. Ng5) 19... Rad8 20. Qb2 Qf6 21. a4 Kh8 22. Rc3 Bc6 23. Ra3 a5 24. bxa5 bxa5 25. Qb6 Ba8 26. Qxa5 Rb8 27. Qd2 Nc5 ({Black should play} 27... Bxe4 28. Bxe4 fxe4 29. Rxe4 Nc5) 28. exf5 $11 gxf5 29. Qg5 Rb4 30. Qxf6+ Rxf6 31. Ba2 (31. a5 $14) 31... Bxf3 $11 32. Rxf3 Rxa4 33. Bb1 e4 34. Rc3 Kg7 35. f3 Ra1 36. fxe4 fxe4 37. Rce3 Rf5 38. Bc2 (38. Bxe4 Rxe1+ 39. Rxe1 Re5 $19) 38... Rxe1+ 39. Rxe1 h5 40. Re2 (40. Bxe4 $2 {perishes.} Re5 41. g3 Nxe4 $19) 40... Rf4 41. g3 Rg4 42. Kg2 e3 43. Rxe3 Rxc4 44. Bd1 Kg6 45. Re8 Rd4 46. Bf3 h4 47. gxh4 Rxh4 48. Kg3 Rd4 49. h4 d5 50. h5+ Kg7 51. Re7+ Kh6 52. Re5 Ne4+ 53. Bxe4 1/2-1/2

[Event "98th Caplin Hastings Masters 2024-25"]
[Site "Hastings"]
[Date "2024.12.31"]
[Round "5.2"]
[White "Zhang, Pengxiang"]
[Black "Kovchan, Alexander"]
[Result "1-0"]
[ECO "B81"]
[WhiteElo "2567"]
[BlackElo "2455"]
[Annotator "TA"]
[PlyCount "105"]
[EventDate "2024.12.23"]
[EventType "swiss"]
[EventCountry "ENG"]
[SourceTitle "playchess.com"]
[Source "ChessBase"]
[SourceQuality "1"]
[TimeControl "5400+30"]

1. e4 c5 2. Nf3 d6 3. d4 cxd4 4. Nxd4 Nf6 5. Nc3 a6 6. h3 e6 7. g4 d5 8. exd5 Nxd5 9. Nde2 Nxc3 10. Qxd8+ Kxd8 11. Nxc3 Bd7 12. Bg2 Bc6 13. O-O Bxg2 14. Kxg2 Nd7 15. Ne4 h5 16. Rd1 hxg4 17. hxg4 Ke8 18. Bf4 Rc8 19. Rd2 Nf6 20. Nxf6+ gxf6 21. Rad1 Bh6 22. Bxh6 Rxh6 23. Rd7 Rg6 24. c3 b5 25. Ra7 Rxg4+ 26. Kf3 Rh4 27. Rdd7 Rh3+ (27... Rh7 $11 {keeps the balance.}) 28. Ke2 $1 $16 b4 (28... Rh7 $16) 29. Re7+ $18 (29. cxb4 $6 Rc2+ 30. Rd2 Rc6 $16) (29. Rxf7 $6 bxc3 30. bxc3 Rcxc3 $14) 29... Kf8 30. Rxf7+ Kg8 31. Rxf6 (31. cxb4 $18 Rc2+ 32. Kf1) 31... bxc3 $14 32. bxc3 (32. Rxa6 $2 c2 (32... cxb2 $2 33. Rb6 $19) 33. Rg6+ Kf7 $19) 32... Rc6 33. Rg6+ Kf8 (33... Kh8 $14) 34. Rgg7 $1 $16 Rhxc3 35. Rgd7 Rc8 36. Rxa6 R3c7 37. Rxc7 Rxc7 38. Kd3 (38. Rxe6 Rc2+ 39. Ke3 Rxa2 $11) (38. Ra8+ $16 Ke7 39. Ra5) 38... Ke7 $11 39. Ra8 Rd7+ 40. Ke3 Rb7 $2 (40... Rd1 $14) 41. a4 $1 $18 Rb3+ {[%emt 0:00:14] [#]} 42. Ke4 $1 Rb2 $2 {[%emt 0:01:12] [#]} (42... Rb4+ 43. Ke5 Rb2) 43. f3 $2 ({White has to play} 43. a5 $1 $18 {[%cal Ra5a6] Hoping for a6.} Rxf2 44. a6) 43... Re2+ $14 44. Kd3 Rf2 $2 (44... Re1 $1 $14) 45. Ke3 $18 Ra2 $2 (45... Rf1 46. a5 Re1+ 47. Kf2 Ra1) 46. a5 $18 Ra4 47. a6 Kd6 48. a7 Ra3+ 49. Kf4 Ra4+ 50. Kg3 Ke5 51. f4+ Ke4 52. f5 Ra3+ 53. Kh4 1-0

[Event "98th Caplin Hastings Masters 2024-25"]
[Site "Hastings"]
[Date "2024.12.31"]
[Round "5.3"]
[White "Boyer, Mahel"]
[Black "Siva Mahadevan"]
[Result "0-1"]
[ECO "A07"]
[WhiteElo "2526"]
[BlackElo "2349"]
[Annotator "TA"]
[PlyCount "74"]
[EventDate "2024.12.23"]
[EventType "swiss"]
[EventCountry "ENG"]
[SourceTitle "playchess.com"]
[Source "ChessBase"]
[SourceQuality "1"]
[TimeControl "5400+30"]

1. Nf3 d5 2. g3 Nf6 3. Bg2 c6 4. O-O Bg4 5. h3 Bh5 6. d4 Nbd7 {[%emt 0:00:33] [#]} 7. c4 $1 e6 8. Ne5 Bd6 9. Bf4 Qc7 10. Nxd7 Nxd7 11. Bxd6 Qxd6 12. cxd5 exd5 13. Nc3 O-O 14. Qb3 Nb6 15. f4 f5 16. e4 fxe4 (16... Qg6 $5) 17. Nxe4 Qe7 18. Nc5 Rae8 19. Qc3 Bf7 20. Rae1 Qc7 21. Qa5 Rxe1 22. Rxe1 g5 23. Re5 (23. Rf1 $16) 23... gxf4 $11 24. gxf4 Qd6 {[%emt 0:00:21] Prevents f5.} 25. Qxa7 Nc4 26. Rg5+ (26. Nxb7 Qc7 27. Re1 (27. Rg5+ $2 Bg6 $19) 27... Qxf4 $17 (27... Nd6 $2 28. Qa3 $17)) 26... Bg6 27. Nd3 (27. Qxb7 {with more complications.} Qxf4 28. Qe7 Qxd4+ 29. Kh2) 27... Nxb2 28. Ne5 $1 (28. Nxb2 Qxf4 (28... Rxf4 $2 29. Nd3 $18) 29. Rg4 Qf2+ 30. Kh2 Qxb2 $17) 28... Qb4 29. Kh2 {[%emt 0:03:01][%cal Of4f5] and f5! would now be decisive} Kh8 {[%emt 0:04:17] [#]} (29... Nc4 $1 $11) 30. a3 $1 $16 Qd2 31. Rg4 (31. Qxb7 Qxf4+ 32. Rg3 Nc4 $11) 31... Bh5 32. Rh4 $2 (32. Qc5 $16 Rxf4 33. Qd6 Bxg4 34. Qd8+ Kg7 35. Qg5+ Kf8 36. Qd8+ Kg7) 32... Rg8 $1 $19 (32... Rxf4 $2 33. Qb8+ (33. Rxh5 Rf8 $18) 33... Kg7 34. Rxh5 $18) 33. Ng4 Qxf4+ {[%emt 0:00:05] White is weak on the light squares} (33... Nd3 $142 34. Rxh5 Ne1 (34... Nxf4 35. Rxh7+ Kxh7 36. Kg3 Ne2+ 37. Kf2 Nc3+ 38. Kg3 Qe1+ 39. Kf4 Rf8+ 40. Nf6+ Rxf6+ 41. Kg5 Rg6+ 42. Kh5 Qe2+ 43. Bf3 Qxf3+ 44. Kh4 Rh6+ 45. Kg5 Rh5#) 35. Rxh7+ Kxh7 36. Qxb7+ Kh8 37. Qb2 Qxb2 38. Ne3 Rxg2+ (38... Nxg2 {gets mated.} 39. Ng4 Ne3+ 40. Kg3 Qg2+ 41. Kh4 Nf5+ 42. Kh5 Qxh3#) 39. Kh1 Rh2+ 40. Kg1 Qf2#) 34. Kh1 {[%emt 0:00:12] [#]} Re8 $1 35. Qa5 {[%emt 0:00:53] Prevents Re1+.} Bg6 {[%emt 0:00:48][%cal Ob2d3] and ...Nd3! should not be overlooked} 36. Rh6 Nd3 37. Rxg6 hxg6 0-1

[Event "98th Caplin Hastings Masters 2024-25"]
[Site "Hastings"]
[Date "2024.12.31"]
[Round "5.4"]
[White "Roux, Baptiste"]
[Black "Stefansson, Vignir Vatnar"]
[Result "0-1"]
[ECO "C41"]
[WhiteElo "2338"]
[BlackElo "2537"]
[Annotator "TA"]
[PlyCount "80"]
[EventDate "2024.12.23"]
[EventType "swiss"]
[EventCountry "ENG"]
[SourceTitle "playchess.com"]
[Source "ChessBase"]
[SourceQuality "1"]
[TimeControl "5400+30"]

1. e4 d6 2. d4 Nf6 3. Nc3 e5 4. Nf3 Nbd7 5. Bc4 Be7 6. O-O c6 7. a4 a5 8. Re1 h6 9. Ba2 Qc7 10. Be3 Ng4 11. Qd2 (11. Bd2 $14) 11... O-O $11 12. Ne2 exd4 (12... Nxe3 $11 13. Qxe3 Nf6) 13. Bxd4 $14 Nde5 14. Qf4 Nxf3+ 15. Qxf3 (15. gxf3 $5 Ne5 16. Qg3 $14) 15... d5 16. Ng3 (16. exd5 $2 Qxh2+ 17. Kf1 Qh1+ 18. Ng1 Nh2+ 19. Ke2 Nxf3 $19) (16. Qg3 $14 Bd6 17. f4) 16... c5 $11 17. h3 cxd4 18. hxg4 Qxc2 19. exd5 Qxb2 20. Ne4 {[%emt 0:05:53] Threatens to win with d6.} Qb6 21. Qf4 ({White should play} 21. g5 $1 $11) 21... Bb4 $15 22. Red1 $1 Bd7 $2 (22... Bxg4 $1 $17 23. Qxg4 f5) 23. g5 $2 (23. d6 $1 $16) 23... hxg5 $1 $17 (23... Bxa4 $2 24. d6 h5 25. Nf6+ (25. g6 Kh8 $18) 25... Kh8 (25... gxf6 26. gxf6 Qc5 27. Qg3+) 26. Rxd4 $18) 24. Nxg5 $2 {[%emt 0:01:29] [#]} (24. Qxg5 $17 Rae8 (24... Bxa4 25. d6 $14) 25. Qh4) 24... Qh6 $1 $19 (24... Bxa4 $2 25. d6 Qxd6 (25... Bxd1 26. Qf5) 26. Bxf7+ (26. Qxd4 $2 {is the wrong capture.} Bxd1 27. Qxd6 Bxd6 $19) 26... Kh8 27. Qxd6 (27. Qxd4 Bxd1 28. Rxd1 Qxd4 $17) 27... Bxd6 28. Rxd4 $18 (28. Rxa4 Be7 $11)) 25. g3 Bd6 {[%emt 0:04:23] This pair of bishops is nice.} (25... Bxa4 $2 26. Rxd4 Bc3 27. Nxf7 (27. d6 $2 Bc6 $19) 27... Qxf4 (27... Bxa1 28. Nxh6+ gxh6 29. d6+ Kg7 30. Qe5+ Rf6 31. Qe7+) (27... Rxf7 28. d6 $17) 28. Rxf4 $19) 26. Qd2 Bxa4 27. Rdb1 Be7 28. f4 (28. Qxd4 $142 Bc2 29. Ne4) 28... Bxg5 (28... Bb4 $142 29. Qxd4 Rac8) 29. fxg5 Qh3 30. Qf4 (30. Qh2 $142 Qxh2+ 31. Kxh2) 30... Rac8 31. Rb2 Bc2 {[%emt 0:01:02] ...Rc3 would now be deadly.} 32. Rf1 (32. Qh4 $19 Qxh4 33. gxh4) 32... Rc3 33. Rf3 {[%emt 0:00:17] [#]} Be4 34. Rh2 Rxf3 35. Rxh3 Rxf4 36. gxf4 {[%emt 0:00:04] KRB-KRB. Black is two pawns up.} Rd8 37. Ra3 Bxd5 38. Rxa5 Bxa2 39. Rxa2 d3 {[%emt 0:00:08] ( -> ...d2)} 40. Rd2 Rd4 0-1

[Event "98th Caplin Hastings Masters 2024-25"]
[Site "Hastings"]
[Date "2024.12.31"]
[Round "5.5"]
[White "Ghazarian, Kirk"]
[Black "Balaji, Aaravamudhan"]
[Result "1/2-1/2"]
[ECO "D02"]
[WhiteElo "2501"]
[BlackElo "2364"]
[Annotator "TA"]
[PlyCount "103"]
[EventDate "2024.12.23"]
[EventType "swiss"]
[EventCountry "ENG"]
[SourceTitle "playchess.com"]
[Source "ChessBase"]
[SourceQuality "1"]
[TimeControl "5400+30"]

1. d4 d5 2. Nf3 Nf6 3. Bf4 c5 4. e3 Nc6 5. Be2 Bf5 6. dxc5 e6 7. Nd4 Bxc5 8. Nxf5 exf5 9. O-O O-O 10. c3 Ne4 11. Nd2 a6 12. Nxe4 dxe4 13. Qxd8 Rfxd8 14. Rfd1 {[%emt 0:01:30] Prevents Rd2.} Kf8 15. Bc4 Ke8 16. Kf1 Be7 17. h3 Bf6 18. g4 g6 19. Bd5 Ne5 (19... Rd7 $11 {deserves consideration.}) 20. Bxe5 Bxe5 21. gxf5 gxf5 22. Bxb7 Rab8 23. Bc6+ Ke7 24. Rxd8 Rxd8 $11 {[%emt 0:00:00][%mdl 4096] Endgame KRB-KRB. White is a pawn up.} 25. Rc1 Rd6 26. Ba4 Rh6 27. Rd1 Rxh3 28. Rd7+ Kf6 29. Bb3 Rh1+ 30. Kg2 Rb1 (30... Rh2+ $2 31. Kg1 $18) 31. Rxf7+ (31. Bxf7 Rxb2 32. Bd5 Bxc3 $11) 31... Kg5 (31... Kg6 $1 $11) 32. Be6 $16 (32. Rxh7 Rxb2 33. Rf7 Bxc3 $11) 32... Bf6 33. b4 {[%emt 0:00:00] White is more active.} h5 ({Black should try} 33... Kg6 $14) 34. Rc7 (34. c4 $16) 34... Be5 $14 35. Rc5 Kf6 36. Bc8 h4 37. Rc6+ (37. Bxa6 Rb2 38. Bf1 Bg3 39. Rc6+ Kg5 $19) 37... Kg5 38. Rc5 (38. Bxa6 $2 Rb2 39. Rc5 Bg3 $19) 38... Kf6 39. Rc6+ (39. Bxa6 Rb2 40. Bc4 Bg3 $19) 39... Kg5 40. Bd7 (40. Bxa6 $2 Rb2 41. Rc5 Bg3 $19) 40... Rb2 41. Rc5 (41. Rxa6 h3+ 42. Kf1 h2 (42... Bxc3 $2 43. f4+ exf3 44. Be8 $19) 43. Kg2 Rb1 (43... Bxc3 44. Be8 $17) (43... Rxf2+ $2 44. Kxf2 h1=Q 45. Be8 $19)) 41... Kf6 42. Rc6+ $1 Kg5 43. Rc5 (43. Rxa6 h3+ 44. Kf1 h2 (44... Bxc3 $2 45. f4+ exf3 46. Be8 $19) 45. Kg2 Rb1 (45... Bxc3 46. Be8 $17) (45... Rxf2+ $2 46. Kxf2 h1=Q 47. Be8 $19)) 43... Kf6 {[%emt 0:00:00] Threatens to win with ...h3+.} 44. Rc6+ $1 Kg5 {[%emt 0:00:00] ( -> ...h3+)} 45. Be8 {[%emt 0:01:05] and Rg6+ would now be decisive} (45. Rxa6 h3+ 46. Kf1 h2 (46... Bxc3 $2 47. f4+ exf3 48. Be8 $19)) 45... f4 {[%emt 0:00:00] ( -> ...f3+)} 46. Rc5 h3+ (46... f3+ $11 47. Kh3 Kf6) 47. Kxh3 $16 fxe3 48. Rxe5+ Kf4 {[%emt 0:00:01] [#]} 49. Rxe4+ $2 Kxe4 $19 50. fxe3 Rxa2 $2 (50... Kxe3 $19 51. Bf7 Kd3) 51. b5 $2 (51. Bd7 $15) 51... axb5 $2 ({Weaker is} 51... Kxe3 52. c4 $17) (51... a5 $19 52. c4 Rb2 (52... Kxe3 53. b6 $11)) 52. Bxb5 1/2-1/2

[Event "98th Caplin Hastings Masters 2024-25"]
[Site "Hastings"]
[Date "2024.12.31"]
[Round "5.6"]
[White "Grutter, Tim"]
[Black "Kaasen, Tor Fredrik"]
[Result "0-1"]
[ECO "B50"]
[WhiteElo "2379"]
[BlackElo "2473"]
[Annotator "TA"]
[PlyCount "102"]
[EventDate "2024.12.23"]
[EventType "swiss"]
[EventCountry "ENG"]
[SourceTitle "playchess.com"]
[Source "ChessBase"]
[SourceQuality "1"]
[TimeControl "5400+30"]

1. e4 c5 2. Nf3 d6 3. Nc3 Nf6 4. e5 dxe5 5. Nxe5 a6 6. g3 Qd6 7. Nf3 b5 8. Bg2 Bb7 9. O-O e6 10. d3 Be7 11. a4 Qb6 12. axb5 axb5 13. Rxa8 Bxa8 14. Ne5 Bxg2 15. Kxg2 O-O 16. Qf3 Rc8 17. Ne4 Nbd7 18. Nxf6+ Nxf6 19. Bg5 Qd6 (19... Qc7 $11 20. Re1 h6) 20. Re1 h6 21. Bf4 Qd5 22. Ra1 g5 23. Qxd5 Nxd5 24. Bd2 Bf6 25. f4 Bxe5 26. fxe5 $15 {[%emt 0:00:08][%mdl 4096] Endgame KRB-KRN} c4 27. dxc4 Rxc4 28. c3 Re4 29. Kf3 {[%emt 0:08:44] Prevents Re2.} Rxe5 30. Ra8+ Kh7 31. Rb8 (31. h3 $17 {might work better.}) 31... g4+ 32. Kf2 (32. Kxg4 $17 Re2 33. Bf4 (33. Bc1 Rc2 $17)) 32... Nf6 $19 33. Bf4 Rh5 34. Kg2 Rd5 35. Be3 {[%emt 0:01:54] [#]} Ne4 $1 36. Rb6 (36. Kf1 $142) 36... Nd2 37. Rb7 Nc4 38. Bc1 Kg6 39. Kf2 Nxb2 40. Ke2 (40. Bxb2 {was the only chance.} Rd2+ 41. Kg1 Rxb2 42. c4) 40... Nc4 41. Rb8 h5 42. Rg8+ (42. Rh8 $142) 42... Kf5 43. Rf8 f6 44. Bh6 Kg6 45. Bc1 Re5+ 46. Kd1 Rf5 {[%emt 0:00:57] Hoping for ...Rf1+.} 47. Rg8+ Kf7 48. Rb8 Rf1+ 49. Kc2 Rf2+ 50. Kd3 Ne5+ 51. Ke3 Rc2 0-1

[Event "98th Caplin Hastings Masters 2024-25"]
[Site "Hastings"]
[Date "2024.12.31"]
[Round "5.7"]
[White "Gormally, Daniel W"]
[Black "Bozinakis, Pavlos"]
[Result "1/2-1/2"]
[ECO "D27"]
[WhiteElo "2424"]
[BlackElo "2271"]
[Annotator "TA"]
[PlyCount "47"]
[EventDate "2024.12.23"]
[EventType "swiss"]
[EventCountry "ENG"]
[SourceTitle "playchess.com"]
[Source "ChessBase"]
[SourceQuality "1"]
[TimeControl "5400+30"]

1. d4 Nf6 2. Nf3 d5 3. c4 e6 4. Nc3 c5 5. e3 a6 6. a3 dxc4 7. Bxc4 b5 8. Ba2 Bb7 9. O-O cxd4 10. exd4 Be7 11. Re1 O-O 12. Bf4 Nc6 13. d5 Nxd5 (13... exd5 $11 {keeps the balance.} 14. Nxd5 Nxd5 15. Bxd5 (15. Qxd5 Qxd5 16. Bxd5 Bf6 $18) 15... Bf6) 14. Nxd5 ({White must play} 14. Bxd5 $16 exd5 15. Nxd5) 14... exd5 $11 15. Bxd5 {[%emt 0:00:06] next Be4 is good for White.} Bf6 16. Bd6 {[%emt 0:14:48][%cal Oa1c1] and Rc1! would now be decisive} Re8 $1 17. Bxf7+ Kxf7 18. Qd5+ Kg6 {[%emt 0:00:14] and ...Qd7 would now be decisive} 19. Rxe8 Qxe8 20. g4 h6 $1 ({Weaker is} 20... Bxb2 21. Qh5+ Kf6 22. Qf5#) 21. Re1 Qd7 22. Qe4+ Kf7 23. Qd5+ Kg6 24. Qe4+ 1/2-1/2

[Event "98th Caplin Hastings Masters 2024-25"]
[Site "Hastings"]
[Date "2024.12.31"]
[Round "5.8"]
[White "Kolka, David"]
[Black "Steiners, Emils"]
[Result "0-1"]
[ECO "B22"]
[WhiteElo "2020"]
[BlackElo "2209"]
[Annotator "NA RC"]
[PlyCount "94"]
[EventDate "2024.12.23"]
[EventType "swiss"]
[EventCountry "ENG"]
[SourceTitle "playchess.com"]
[Source "ChessBase"]
[SourceQuality "1"]
[TimeControl "5400+30"]

1. e4 c5 2. Nf3 Nc6 3. c3 Nf6 4. e5 Nd5 5. Bc4 Nb6 6. Bb3 d5 7. exd6 Qxd6 8. O-O Be6 9. Bxe6 Qxe6 10. Re1 Qd7 11. a4 e6 12. a5 Nd5 13. a6 b6 14. d4 cxd4 15. Nxd4 Be7 16. Na3 Nxd4 17. Qxd4 Bf6 18. Qd3 Rd8 19. Nb5 O-O 20. Ra4 Qc6 21. Qc4 Qa8 22. h4 h6 23. Qg4 Kh7 24. Bg5 g6 25. Bc1 Bg7 26. Qe2 Rd7 27. Rc4 Qb8 28. g3 Rfd8 29. h5 gxh5 30. Qxh5 Nf6 31. Qh4 Rd1 32. Kf1 Rxe1+ 33. Kxe1 Qe5+ 34. Be3 Qxb5 35. Bxh6 Qe5+ 36. Be3+ Kg8 37. Rg4 Nxg4 38. Qxd8+ Bf8 39. Qd4 Qxd4 40. Bxd4 Bc5 41. Bxc5 bxc5 42. b4 cxb4 43. cxb4 Ne5 44. Kd2 Kf8 45. f4 Nd7 46. Ke3 Ke7 47. Ke4 f5+ 0-1

[Event "98th Caplin Hastings Masters 2024-25"]
[Site "Hastings"]
[Date "2024.12.31"]
[Round "5.9"]
[White "Waldhausen Gordon, Frederick"]
[Black "Struck, Lasse"]
[Result "1-0"]
[ECO "E47"]
[WhiteElo "2355"]
[BlackElo "1983"]
[Annotator "TA"]
[PlyCount "71"]
[EventDate "2024.12.23"]
[EventType "swiss"]
[EventCountry "ENG"]
[SourceTitle "playchess.com"]
[Source "ChessBase"]
[SourceQuality "1"]
[TimeControl "5400+30"]

1. d4 Nf6 2. c4 e6 3. Nc3 Bb4 4. e3 O-O 5. Bd3 d6 6. Nge2 e5 7. O-O c6 8. a3 Ba5 9. b4 Bc7 10. Bb2 {[%emt 0:02:21] White is more active.} Re8 11. dxe5 dxe5 12. Ng3 a5 13. Qe2 Qe7 14. c5 Be6 15. e4 ({White should try} 15. Nce4 $11) 15... Nbd7 16. Bc4 g6 17. Rfd1 b6 18. b5 Qxc5 (18... bxc5 $6 19. bxc6 Nb6 20. Bxe6 Qxe6 21. Qb5 $11) 19. Bxe6 Rxe6 20. Rac1 Qe7 $2 {[%emt 0:02:39][%mdl 8192] [#]} (20... Bd8 $11) 21. bxc6 $1 $18 Nc5 22. Nd5 Nxd5 23. exd5 Rf6 24. Rc4 Bd6 (24... Re8 {was worth a try.} 25. Rg4 Rd8) 25. Re1 b5 26. Rc2 b4 27. Bxe5 Bxe5 28. Qxe5 Qxe5 29. Rxe5 Nd3 30. Re3 (30. Ne4 b3 31. Nxf6+ Kg7 $16) 30... b3 31. Rc3 Nf4 32. Ne4 (32. Rxb3 Nxd5 33. Red3 Nc7 $16) 32... Rf5 33. c7 Rc8 34. d6 ({Worse is} 34. Rxb3 Rxc7 35. Re1 (35. Rb8+ Kg7 $11) 35... Nxd5 $11) 34... Kg7 35. Rxb3 {[%emt 0:00:13] Strongly threatening Rb8.} Rd5 36. h3 1-0